 Dungeon Crawl Stone Soup version 0.28-a0-57-g271197699b (webtiles) character file.

Game seed: 9851069240664119867

97 rafanapax the Skirmisher (level 4, -4/41 HPs)
             Began as a Minotaur Abyssal Knight on July 30, 2021.
             Was a Believer of Lugonu.
             Killed from afar by an orc wizard (8 damage)
             ... with a magic dart
             ... on level 5 of the Dungeon.
             The game lasted 00:21:28 (920 turns).

rafanapax the Skirmisher (Minotaur Abyssal Knight)   Turns: 920, Time: 00:21:28

Health: -4/41      AC:  3    Str: 18    XL:     4   Next: 42%
Magic:  4/4        EV: 11    Int:  9    God:    Lugonu [**....]
Gold:   19         SH:  0    Dex:  9    Spells: 3/3 levels left

rFire   . . .      SeeInvis .   a - +1 hand axe
rCold   . . .      Faith    .   (no shield)
rNeg    . . .      Spirit   .   b - +0 leather armour
rPois   .          Reflect  .   (helmet restricted)
rElec   .          Harm     .   (no cloak)
rCorr   .          Rampage  .   (no gloves)
Will    .....                   (no boots)
Stlth   ..........              (no amulet)
HPRegen 0.13/turn               (no ring)
MPRegen 0.09/turn               (no ring)

@: confused, mighty, flying
A: horns 2, retaliatory headbutt
a: Renounce Religion, Depart the Abyss, Bend Space


You were on level 5 of the Dungeon.
You worshipped Lugonu.
Lugonu was pleased with you.
You visited 1 branch of the dungeon, and saw 5 of its levels.
You visited the Abyss 1 time.

You collected 19 gold pieces.

Inventory:

Hand Weapons
 a - a +1 hand axe (weapon)
 c - a +0 dagger
 d - a +0 dagger of draining
 g - a +0 dagger
 i - a +0 dagger
 j - a +0 dagger
 l - a +0 club
 m - a +0 dagger
 p - a +0 whip
 q - a +0 dagger
 r - a +0 dagger
 t - a +0 mace
 v - a +0 club
 w - a +0 dagger
Missiles
 f - 32 bolts
 h - 26 stones
 k - 33 sling bullets
Armour
 b - a +0 leather armour (worn)
 u - a +0 leather armour
Scrolls
 s - a scroll of immolation {unknown}
 x - a scroll of fog {unknown}
 y - a scroll of holy word {unknown}
Potions
 o - a potion of flight
 z - a potion of mutation {unknown}
 A - a potion of curing {unknown}


   Skills:
 + Level 4.8 Fighting
 + Level 3.3 Axes
 + Level 3.0 Armour
 + Level 2.2 Dodging
 + Level 2.2 Invocations


You had 3 spell levels left.
You didn't know any spells.
Your spell library was empty.

Dungeon Overview and Level Annotations

Branches:
Dungeon (5/15)
 Temple: D:4-7

Altars:

Annotations:
D:2 1 runed translucent door, Crazy Yiuf


Innate Abilities, Weirdness & Mutations

You have a pair of horns on your head.
You reflexively headbutt those who attack you in melee.


Message History

You feel a bit more experienced.
You hit something but do no damage. Something hits you but does no damage.
Deactivating autopickup; reactivate with Ctrl-A.
Your Armour skill increases to level 3!
You closely miss something. Something hits you.
You miss something. Your headbutt misses something. Something hits you.
You hit something. Your headbutt misses something.
You hear some strange, mumbled words.
A puff of flame appears from out of thin air!
The puff of flame misses you.
You barely miss something. Something hits you.
* * * LOW HITPOINT WARNING * * *
It was a potion of might.
You feel very mighty all of a sudden. Something hits you.
* * * LOW HITPOINT WARNING * * *
It was a potion of flight.
You feel very buoyant.
You fly up into the air.
Something hits you.
* * * LOW HITPOINT WARNING * * *
Unknown command.
You miss something. You headbutt something. Something hits you.
* * * LOW HITPOINT WARNING * * *
You hear some strange, mumbled words.
You are confused.
Found a stone staircase leading down.
Something hits you but does no damage.
There is a stone staircase leading down here.
Something hits you but does no damage.
You fly downwards.
You hear the sound of rushing water.
There is an entrance to a sewer on this level.
Hurry and find it before the portal rusts away!
Reactivating autopickup.
There is a stone staircase leading up here.
You start resting.
You hear some strange, mumbled words.
A magic dart appears from out of thin air!
Deactivating autopickup; reactivate with Ctrl-A.
The magic dart hits you!
You die...

.. #. #.
##. ..
####.
..#....###
.......@.+
###...{###
##.#. #.
.. # ###


There were no monsters in sight!

Vanquished Creatures
  Natasha (D:4)
  An orc wizard (D:4)
  3 orcs (D:4)
  5 bats
  6 endoplasms
  A giant cockroach (D:1)
  6 goblins
  4 hobgoblins
  2 jackals (D:3)
  5 kobolds
  A quokka (D:1)
  3 ball pythons
  A frilled lizard (D:3)
  2 rats
41 creatures vanquished.

Vanquished Creatures (others)
  A fungus (D:2)
1 creature vanquished.

Grand Total: 42 creatures vanquished

Notes
Turn   | Place    | Note
-------+----------+-------------------------------------------
     0 | Abyss:1  | rafanapax the Minotaur Abyssal Knight began the quest for
                  | the Orb.
     0 | Abyss:1  | Reached XP level 1. HP: 19/19 MP: 1/1
    16 | Abyss:1  | Found a corrupted altar of Lugonu.
    76 | Abyss:1  | Found a corrupted altar of Lugonu.
    87 | D:1      | Escaped the Abyss
   111 | D:1      | Reached * piety under Lugonu
   112 | D:1      | Reached skill level 4 in Fighting
   172 | D:1      | Reached XP level 2. HP: 27/27 MP: 2/2
   435 | D:2      | Found a runed translucent door.
   436 | D:2      | Noticed Crazy Yiuf
   598 | D:2      | Reached XP level 3. HP: 34/34 MP: 3/3
   878 | D:3      | You fall into a shaft and drop 1 floor!
   878 | D:4      | Noticed Natasha
   884 | D:4      | Killed Natasha
   885 | D:4      | Reached XP level 4. HP: 38/41 MP: 4/4
   889 | D:4      | Reached ** piety under Lugonu
   919 | D:5      | Entered Level 5 of the Dungeon
   920 | D:5      | Killed from afar by an orc wizard

Illustrated notes

Levels and vault maps discovered:
D:1:      minmay_arrival_three_doors, layout_loops_ring,
          dreamdust_ecumenical_altar_drowned_temple
D:2:      layout_basic, serial_forest, infiniplex_forest_straight_2,
          infiniplex_forest_lined_2, infiniplex_forest_lined_corner,
          infiniplex_forest_straight_3, infiniplex_forest_lined_room_3,
          infiniplex_forest_diagonal, infiniplex_forest_straight_4,
          minmay_between, uniq_crazy_yiuf_cottage
D:3:      layout_loops_cross
D:4:      layout_rooms, mainiacjoe_overflow_alcove_1, uniq_natasha
D:5:      layout_loops_corners, mainiacjoe_overflow_small_starburst,
          portal_sewer_entry_e, serial_rivers, chequers_serial_rivers_large_b,
          chequers_serial_rivers_micro_d, chequers_serial_rivers_small_3,
          chequers_serial_rivers_room_b, uniq_ijyb

Skill      XL: |  1  2  3  4 |
---------------+-------------+-----
Fighting       | 4 |  4.8
Invocations    | 2 |  2.2
Axes           | 3 |  3.3
Dodging        | 2 |  2.2
Armour         | 3 |  3.0

Action                   |  1- 3 |  4- 6 || total
-------------------------+-------+-------++-------
Melee: Hand axe          |    70 |    18 ||    88
       Headbutt          |     6 |     4 ||    10
Invok: Depart the Abyss  |     1 |       ||     1
  Use: Potion            |       |     3 ||     3
Armor: Leather armour    |    20 |     9 ||    29
Dodge: Dodged            |    43 |    12 ||    55

Table legend: (Time is in decaauts)
 A = Elapsed time spent in this place.
 B = Non-inter-level travel time spent in this place.
 C = Inter-level travel time spent in this place.
 D = Time resting spent in this place.
 E = Time spent auto-exploring this place.
 F = Levels seen in this place.
 G = Mean time per level.
                   A        B        C        D        E       F      G
               +--------+--------+--------+--------+--------+-----+--------+
         Total |    932 |    931 |      1 |      0 |    317 |   6 |  155.3 |
       Dungeon |    845 |    844 |      1 |      0 |    296 |   5 |  169.0 |
         Abyss |     87 |     87 |      0 |      0 |     21 |   1 |   87.0 |
               +--------+--------+--------+--------+--------+-----+--------+

Top non-repeatable levels by time:
     D:2: 527 daAuts
     D:1: 208 daAuts
 Abyss:1: 87 daAuts
     D:3: 65 daAuts
     D:4: 43 daAuts
     D:5: 0 daAuts
